 Dungeon Crawl Stone Soup version 0.23-a0-137-gef0ad6d46f (webtiles) character file.

36017 Napalmbreeze the Protected (level 13, -12/85 HPs)
             Began as a Gargoyle Fighter on Aug 29, 2018.
             Was a High Priest of Okawaru.
             Killed from afar by a bog body (27 damage)
             ... with a bolt of cold
             ... on level 4 of the Lair of Beasts.
             The game lasted 00:52:14 (19603 turns).

Napalmbreeze the Protected (Gargoyle Fighter)      Turns: 19603, Time: 00:52:15

Health: -12/85     AC: 37    Str: 21    XL:     13   Next: 87%
Magic:  0/19       EV: 11    Int:  9    God:    Okawaru [*****.]
Gold:   719        SH:  0    Dex: 13    Spells: 12/12 levels left

rFire    + + .     SeeInvis .   q - +7 great mace "Firestarter" {inner flame, rF++}
rCold    . . .     Gourm    +   (shield currently unavailable)
rNeg     + . .     Faith    .   w - +10 plate armour {ponderous}
rPois    ∞         Spirit   +   t - +1 helmet
rElec    +         Reflect  .   h - scarf {Spirit}
rCorr    .         Harm     .   (no gloves)
MR       .....                  (no boots)
Stlth    ..........             k - amulet of the gourmand
HPRegen  0.24/turn              (no ring)
MPRegen  0.16/turn              (no ring)

@: slowed, very slow
A: negative energy resistance 1, electricity resistance, unbreathing,
petrification resistance, rot immunity, AC +9
a: Heroism, Finesse, Renounce Religion


You were on level 4 of the Lair of Beasts.
You worshipped Okawaru.
Okawaru was extremely pleased with you.
You were very full.

You visited 3 branches of the dungeon, and saw 16 of its levels.
You also visited: Labyrinth and Ossuary.

You collected 1006 gold pieces.
You spent 287 gold pieces at shops.

Inventory:

Hand Weapons
 q - the +7 great mace "Firestarter" (weapon) {inner flame, rF++}
   (You found it in a labyrinth)

   It has been specially enchanted to burn those struck by it, causing extra
   injury to most foes and up to half again as much damage against particularly
   susceptible opponents.
   It greatly protects you from fire.
 r - the +9 triple sword "ETAOIN SHRDLU" {slice, +Fly Str+5}
   (You found it in a labyrinth)

   It inflicts extra damage upon your enemies.
   It affects your strength (+5).
   It lets you fly.
 T - the +10 trident of the Establishment {holy, Str+2}
   (You took it off a spriggan on level 3 of the Lair of Beasts)

   It has been blessed by the Shining One to cause great damage to the undead
   and demons.
   It affects your strength (+2).
 U - the +8 great sword "Feviuk" {flame, rF+}
   (You found it on level 3 of the Lair of Beasts)

   It has been specially enchanted to burn those struck by it, causing extra
   injury to most foes and up to half again as much damage against particularly
   susceptible opponents.
   Big, fiery blades are also staple armaments of hydra-hunters.
   It protects you from fire.
Armour
 a - the +0 buckler of Okawaru's Delight {Str+4 Int+4 Stlth-}
   (Okawaru gifted it to you on level 11 of the Dungeon)

   It affects your strength (+4).
   It affects your intelligence (+4).
   It makes you less stealthy.
 h - a scarf of spirit shield (worn)
 t - a +1 helmet (worn)
 w - a +10 plate armour of ponderousness (worn)
 z - a +2 plate armour of cold resistance
 R - the +3 ring mail of Impermeability {SInv}
   (Okawaru gifted it to you on level 2 of the Lair of Beasts)

   It lets you see invisible.
 V - a +2 shield of protection
 Y - a +0 pair of boots
Jewellery
 k - an amulet of the gourmand (around neck)
 p - an uncursed amulet of guardian spirit
 F - a -2 ring of slaying
 J - an uncursed ring of protection from cold {unknown}
 W - an uncursed ring of fire {unknown}
Wands
 c - a wand of acid (13)
 x - a wand of digging (33)
 E - a wand of iceblast (5)
 G - a wand of polymorph (13)
 L - a wand of disintegration (17)
 N - a wand of scattershot (3)
Scrolls
 g - 5 scrolls of teleportation
 i - a scroll of identify
 l - a scroll of noise {unknown}
 m - 3 scrolls of blinking
 o - 8 scrolls of remove curse
 y - 3 scrolls of magic mapping
 A - 2 scrolls of amnesia {unknown}
 B - a scroll of vulnerability {unknown}
 D - 2 scrolls of enchant armour
 O - a scroll of acquirement {unknown}
 P - 2 scrolls of fear
 Q - 2 scrolls of enchant weapon {unknown}
Potions
 b - a potion of invisibility {unknown}
 d - 3 potions of might
 e - 12 potions of curing {unknown}
 j - 4 potions of brilliance {unknown}
 n - 2 potions of magic
 s - a potion of mutation {unknown}
 u - 5 potions of agility {unknown}
 v - 3 potions of haste {unknown}
 C - 3 potions of flight {unknown}
 H - a potion of resistance {unknown}
 I - 5 potions of lignification
 K - 3 potions of degeneration {unknown}
 M - a potion of cancellation {unknown}
 S - a potion of ambrosia {unknown}
Comestibles
 f - 16 rations
 X - 3 chunks of flesh


   Skills:
 + Level 11.7 Fighting
 * Level 11.9 Maces & Flails
 + Level 12.7 Armour
 + Level 8.4 Dodging
 - Level 6.1 Shields
 - Level 8.0 Invocations


You had 12 spell levels left.
You didn't know any spells.
Your spell library contained the following spells:

 Spells                   Type           Power        Failure   Level  Hunger
 Beastly Appendage        Tmut           #.....       99%         1    ##.....
 Infusion                 Chrm           #...         99%         1    ##.....
 Shroud of Golubria       Chrm/Tloc      #.........   100%        2    ###....
 Song of Slaying          Chrm           #.......     100%        2    ###....
 Sticks to Snakes         Tmut           #.......     100%        2    ###....
 Regeneration             Chrm/Necr      #.........   100%        3    ####...
 Spectral Weapon          Hex/Chrm       #.......     100%        3    ####...
 Spider Form              Tmut/Pois      #.........   100%        3    ####...
 Ice Form                 Ice/Tmut       #.......     100%        4    #####..
 Blade Hands              Tmut           #.........   100%        5    ######.


Dungeon Overview and Level Annotations

Branches:
Dungeon (11/15)            Temple (1/1) D:5            Lair (4/6) D:11
    Orc (0/2) D:11
  Swamp: Lair:2-4    Shoals: Lair:2-4     Snake: Lair:2-4    Spider: Lair:2-4

Altars:
Ashenzari
Cheibriados
Dithmenos
Elyvilon
Fedhas
Gozag
Hepliaklqana
Kikubaaqudgha
Makhleb
Nemelex Xobeh
Okawaru
Qazlal
Ru
Sif Muna
Trog
Uskayaw
Vehumet
Wu Jian
Xom
Yredelemnul
Zin
The Shining One
Lugonu

Shops:
D:4 (   D:9 *   D:11 (


Innate Abilities, Weirdness & Mutations

You are resistant to torment.
Your stone body is resilient. (AC +9)
You are immune to poison.
You resist negative energy. (rN+)
You are resistant to electric shocks. (rElec)
You can survive without breathing.
You are immune to petrification.
You are immune to rotting.


Message History

Okawaru accepts your kill.
The bog body points at you and mumbles some strange words.
You easily resist.
The blink frog blinks!
The bog body closely misses you. The bog body misses you.
You closely miss the bog body.
The bog body is severely damaged.
The blink frog closely misses you. The swamp worm bites you!
* * * LOW HITPOINT WARNING * * *
The bog body misses you. The bog body closely misses you.
The blink frog hits you.
* * * LOW HITPOINT WARNING * * *
The blink frog blinks!
The swamp worm bites you.
* * * LOW HITPOINT WARNING * * *
The bog body completely misses you. The bog body barely misses you.
You closely miss the bog body.
The bog body is severely damaged.
The swamp worm completely misses you.
The bog body gestures at you while chanting.
The bolt of cold hits you!
You die...

#.....##### ♣≈..≈♣
##.....##.##♣♣≈..≈♣
#....P^.#.#.♣≈..≈♣
#...........♣≈..≈♣
#...........♣≈..≈♣
#...........♣≈♣.≈♣
#...........♣♣..♣ ..
#.#P..#.#....♣†n♣
...#
##########...♣@w♣..#
#....⌠⌠..#
##.....$## #....F.##
###....# ##P#.#
#####


You could see a bog body, a swamp worm and a blink frog.

Vanquished Creatures
  A minotaur (Lab)
  Snorg (D:10)
  Josephine (D:10)
  The ghost of rvm the Covert, a journeyman VSAs of Gozag (Lair:3)
  8 hydras
  A catoblepas (Lair:3)
  2 two-headed ogres
  An unseen horror (D:11)
  A lindwurm (Lair:3)
  2 cyclopes (D:11)
  An ugly thing (D:11)
  A centaur zombie (D:11)
  4 black mambas
  3 spiny frogs
  2 centaur skeletons
  9 komodo dragons
  A troll (D:11)
  Prince Ribbit (D:8)
  7 blink frogs
  2 hornets
  7 hippogriffs
  4 wraiths (D:10)
  3 spriggans (Lair:3)
  21 yaks
  A basilisk (Lair:2)
  4 hogs (D:11)
  A human (D:11)
  Menkaure (D:6)
  2 swamp worms (Lair:4)
  8 water moccasins
  8 porcupines
  2 eyes of draining (D:11)
  3 sky beasts
  2 black bears
  3 ice beasts
  7 orc warriors
  5 ogres
  7 wolves (Lair:3)
  3 phantoms
  A boggart (Lair:3)
  12 centaurs
  6 crocodiles
  7 bullfrogs
  Blork the orc (D:6)
  A gnoll sergeant (D:9)
  2 water moccasin zombies (Ossuary)
  3 scorpions
  10 killer bees
  5 howler monkeys
  9 wights
  A crimson imp (D:8)
  3 bullfrog zombies
  A quasit (D:9)
  3 jellies
  11 orc priests
  6 hounds
  A gnoll shaman (D:4)
  4 bullfrog skeletons
  8 iguanas (Lair:2)
  4 orc wizards
  6 worker ants
  3 big kobold zombies (Ossuary)
  2 mummies (Ossuary)
  A hound skeleton (D:9)
  A worker ant zombie (D:9)
  9 gnolls
  11 adders
  2 shadow imps
  5 adder zombies
  5 worms
  10 dart slugs
  2 leopard geckos
  21 orcs
  A giant cockroach (D:2)
  A gnoll zombie (Ossuary)
  7 goblins
  2 hobgoblins
  17 jackals
  3 kobolds
  5 quokkas
  2 ball pythons
  8 bats
  6 frilled lizards
  2 hobgoblin zombies (Ossuary)
  8 kobold zombies (Ossuary)
  8 orc zombies (Ossuary)
  A quokka skeleton (D:7)
  2 quokka zombies (D:8)
  5 rats
  A fungus (Lair:2)
  4 plants
402 creatures vanquished.

Vanquished Creatures (others)
  5 fungi
  8 plants
13 creatures vanquished.

Grand Total: 415 creatures vanquished

Notes
Turn   | Place    | Note
-------+----------+-------------------------------------------
     0 | D:1      | Napalmbreeze the Gargoyle Fighter began the quest for the
                  | Orb.
     0 | D:1      | Reached XP level 1. HP: 14/14 MP: 1/1
     1 | D:1      | Noticed an electric eel
   400 | D:1      | Reached XP level 2. HP: 18/19 MP: 2/2
   860 | D:2      | Reached XP level 3. HP: 23/23 MP: 3/3
  1384 | D:3      | Reached skill level 1 in Dodging
  1755 | D:3      | Reached XP level 4. HP: 29/29 MP: 2/4
  1787 | D:3      | Found a stormy altar of Qazlal.
  1945 | D:3      | Found an ornate altar of the Wu Jian Council.
  2608 | D:4      | Reached skill level 4 in Armour
  2826 | D:4      | Reached XP level 5. HP: 33/33 MP: 5/5
  3605 | D:4      | Reached XP level 6. HP: 38/38 MP: 6/6
  3861 | D:4      | Found a blossoming altar of Fedhas.
  4297 | D:4      | Found Erhyth's Antique Weapon Shop.
  4364 | D:5      | Entered Level 5 of the Dungeon
  4727 | D:5      | Noticed a sky beast
  4760 | D:5      | Killed a sky beast
  4760 | D:5      | Reached skill level 5 in Maces & Flails
  4760 | D:5      | Reached XP level 7. HP: 26/44 MP: 5/7
  4968 | D:5      | Reached skill level 5 in Fighting
  4968 | D:5      | Reached skill level 5 in Armour
  5068 | D:5      | Found a deep blue altar of Sif Muna.
  5214 | D:4      | Bought a bloodstained mace for 192 gold pieces
  5214 | D:4      | Identified the +5 mace of Pandemonium {crush, +Rage rN+}
                  | (You bought it in a shop on level 4 of the Dungeon)
  5307 | D:5      | Found a staircase to the Ecumenical Temple.
  5318 | Temple   | Entered the Ecumenical Temple
  5395 | Temple   | Became a worshipper of Warmaster Okawaru
  5696 | D:6      | HP: 2/45 [orc priest/divine providence (13)]
  5711 | D:6      | Noticed Blork the orc
  5715 | D:6      | Noticed Menkaure
  5732 | D:6      | Killed Menkaure
  5732 | D:6      | Reached XP level 8. HP: 36/51 MP: 4/8
  5736 | D:6      | Reached * piety under Okawaru
  5764 | D:6      | Killed Blork the orc
  6396 | D:6      | Reached skill level 6 in Armour
  6497 | D:7      | Found a sacrificial altar of Ru.
  6516 | D:7      | Reached ** piety under Okawaru
  6554 | D:7      | Found a burning altar of Makhleb.
  6561 | D:7      | Found a shattered altar of Ashenzari.
  6561 | D:7      | Found a deep blue altar of Sif Muna.
  6562 | D:7      | Found a glowing silver altar of Zin.
  6565 | D:7      | Found a sparkling altar of Nemelex Xobeh.
  7154 | D:8      | Found a sand-covered staircase.
  7165 | Ossuary  | Entered an ossuary
  7185 | Ossuary  | Reached XP level 9. HP: 55/57 MP: 7/9
  7316 | Ossuary  | Reached skill level 7 in Armour
  7694 | D:8      | Reached skill level 8 in Armour
  7771 | D:8      | Reached *** piety under Okawaru
  7883 | D:8      | Reached skill level 1 in Invocations
  7956 | D:8      | Found a bloodstained altar of Trog.
  7983 | D:8      | Found a shimmering altar of Xom.
  7984 | D:8      | Found a hazy altar of Hepliaklqana.
  7985 | D:8      | Noticed a spectral ugly thing
  8112 | D:8      | Reached XP level 10. HP: 59/64 MP: 7/11
  8139 | D:8      | Noticed Prince Ribbit
  8147 | D:8      | Killed Prince Ribbit
  8147 | D:8      | Reached skill level 5 in Dodging
  8203 | D:8      | Reached skill level 9 in Armour
  8339 | D:9      | Found a glowing golden altar of the Shining One.
  8393 | D:9      | Found a shadowy altar of Dithmenos.
  8856 | D:9      | Reached **** piety under Okawaru
  9058 | D:9      | Found Vyityrgh's Assorted Antiques.
  9070 | D:9      | Bought a clouded steel ring for 95 gold pieces
  9070 | D:9      | Identified the cursed ring "Ijozarol" {Str+5 Int+2 Slay-4}
                  | (You bought it in a shop on level 9 of the Dungeon)
  9258 | D:10     | Entered Level 10 of the Dungeon
  9290 | D:10     | Noticed Josephine
  9314 | D:10     | Killed Josephine
  9314 | D:10     | Reached ***** piety under Okawaru
  9329 | D:10     | Reached skill level 10 in Armour
  9527 | D:10     | Noticed a two-headed ogre
  9538 | D:10     | Killed a two-headed ogre
  9538 | D:10     | Received a gift from Okawaru
  9538 | D:10     | Reached XP level 11. HP: 34/71 MP: 4/14
 10016 | D:10     | Noticed Snorg
 10031 | D:10     | Killed Snorg
 10163 | D:11     | Found a staircase to the Orcish Mines.
 10192 | D:11     | Noticed a cyclops
 10212 | D:11     | Killed a cyclops
 10663 | D:11     | Noticed a cyan ugly thing
 10679 | D:11     | Killed a cyan ugly thing
 10809 | D:11     | Reached skill level 11 in Armour
 10837 | D:11     | Noticed a two-headed ogre
 10846 | D:11     | Killed a two-headed ogre
 10846 | D:11     | Received a gift from Okawaru
 10851 | D:11     | Got a steaming buckler {god gift}
 10857 | D:11     | Identified the +0 buckler of Okawaru's Delight {Str+4 Int+4
                  | Stlth-} (Okawaru gifted it to you on level 11 of the
                  | Dungeon)
 10962 | D:11     | Found Lathif's Antique Weapon Emporium.
 10991 | D:11     | Reached skill level 5 in Invocations
 11031 | D:11     | Noticed a cyclops
 11038 | D:11     | Killed a cyclops
 11271 | D:11     | Reached skill level 5 in Shields
 11334 | D:11     | Noticed a four-headed hydra
 11343 | D:11     | Killed a four-headed hydra
 11343 | D:11     | Reached skill level 10 in Fighting
 11343 | D:11     | Reached XP level 12. HP: 58/77 MP: 12/16
 12308 | D:11     | Found a staircase to the Lair.
 12318 | Lair:1   | Entered Level 1 of the Lair of Beasts
 12327 | Lair:1   | Found a labyrinth entrance.
 12327 | Lair:1   | Noticed a seven-headed hydra
 12339 | Lair:1   | Killed a seven-headed hydra
 12371 | Lab      | Entered a labyrinth
 15760 | Lab      | Noticed a minotaur
 15795 | Lab      | Killed a minotaur
 15799 | Lab      | Found the +7 great mace "Firestarter" {inner flame, rF++}
 15800 | Lab      | Got a polished triple sword
 15821 | Lab      | Identified the +9 triple sword "ETAOIN SHRDLU" {slice, +Fly
                  | Str+5} (You found it in a labyrinth)
 15930 | Lair:1   | Noticed a four-headed hydra
 15940 | Lair:1   | Killed a four-headed hydra
 15940 | Lair:1   | Reached skill level 10 in Maces & Flails
 16468 | Lair:2   | Received a gift from Okawaru
 16490 | Lair:2   | Got a crude ring mail {god gift}
 16492 | Lair:2   | Identified the +3 ring mail of Impermeability {SInv}
                  | (Okawaru gifted it to you on level 2 of the Lair of Beasts)
 16540 | Lair:2   | Reached skill level 12 in Armour
 16662 | Lair:2   | Noticed a four-headed hydra
 16667 | Lair:2   | Killed a four-headed hydra
 16667 | Lair:2   | Reached XP level 13. HP: 82/84 MP: 16/18
 18373 | Lair:3   | Found a runed door.
 18442 | Lair:3   | Got a transparent great sword
 18443 | Lair:3   | Identified the +8 great sword "Feviuk" {flame, rF+} (You
                  | found it on level 3 of the Lair of Beasts)
 18468 | Lair:3   | Received a gift from Okawaru
 18982 | Lair:3   | Noticed rvm's ghost (journeyman VSAs)
 19222 | Lair:3   | Killed rvm's ghost
 19250 | Lair:3   | Got an ichor-stained trident {holy}
 19470 | Lair:3   | Identified the +10 trident of the Establishment {holy,
                  | Str+2} (You took it off a spriggan on level 3 of the Lair
                  | of Beasts)
 19603 | Lair:4   | Killed from afar by a bog body

Vault maps used:
D:1:      arrival_aquarium_a, hex_intersection
D:2:      hangedman_decor_push
D:3:      nicolae_overflow_crystal_walls, grunt_qazlal_sundering
D:4:      kennysheep_slugbush, fedhas_altar_3, first_ration, serial_shops,
          nicolae_shop_stone
D:5:      minmay_temple_entry_poolview, basic_altar
D:6:      uniq_menkaure, uniq_blork_the_orc
D:7:      minitemple, nicolae_ru_sacrificial_ziggurat
D:8:      regret_index_temple_of_mockery, kennysheep_mini, enter_ossuary_4,
          uniq_prince_ribbit1
D:9:      tso_oasis_becter, old_standard_altar, serial_shops,
          nicolae_shop_overgrown_old_shop
D:10:     uniq_josephine, uniq_snorg
D:11:     lair_entry_dummy, orc_0_dummy, serial_shops, shop,
          hangedman_decor_growths, grunt_livestock
Temple:   kb_corrupted_temple
Lair:1:   lab_entry_generic, beast_lair_carwin_4
Lair:2:   beast_lair_carwin_large_4, infiniplex_staircase_pool
Lair:3:   ebering_ghost_funeral_grove, hangedman_lair_generics_rect
Lair:4:   nicolae_swamp_entry_splash_gauntlet, spider_nest_entry_a,
          ebering_ghost_funeral_grove, st_stairs_7
Ossuary:  ossuary_tomb_2

Skill      XL: |  1  2  3  4  5  6  7  8  9 10 11 12 13 |
---------------+----------------------------------------+-----
Dodging        | 1 2 3 4 5 6 7 8 |  8.4
Maces & Flails | 3 4 5 6 7 8 9 10 11 | 11.9
Armour         | 4 5 6 8 10 11 12 | 12.7
Fighting       | 4 5 7 8 9 10 11 | 11.7
Invocations    | 1 4 5 7 8 |  8.0
Shields        | 5 6 |  6.1

Action                   |  1- 3 |  4- 6 |  7- 9 | 10-12 | 13-15 || total
-------------------------+-------+-------+-------+-------+-------++-------
Melee: Flail             |   180 |   337 |    26 |       |       ||   543
       Dire flail        |       |       |   100 |       |       ||   100
       Mace              |       |       |   316 |   626 |       ||   942
       Punch             |       |       |       |     2 |       ||     2
       Great mace        |       |       |       |    64 |   198 ||   262
Invok: Heroism           |       |       |       |     9 |     3 ||    12
       Finesse           |       |       |       |     3 |     1 ||     4
  Use: Scroll            |     2 |       |     7 |    10 |     2 ||    21
       Potion            |       |       |     4 |     1 |       ||     5
  Eat: Chunk             |     3 |    10 |     8 |    26 |     9 ||    56
       Ration            |       |       |     1 |     4 |       ||     5
Armor: Scale mail        |    22 |       |       |       |       ||    22
       Chain mail        |   136 |   292 |   153 |       |       ||   581
       Plate armour      |       |       |   174 |   611 |   317 ||  1102
Dodge: Dodged            |    92 |   158 |   133 |   352 |   193 ||   928
Block: Shield            |    44 |       |   108 |    39 |       ||   191
       Buckler           |       |       |       |    85 |       ||    85

Table legend:
 A = Non-vault XP
 B = Vault XP
 C = Vault XP percentage of total XP
 D = Non-vault monster count
 E = Vault monster count
 F = Vault count percentage of total count
                 A         B        C        D         E       F
            +---------+---------+-------+---------+---------+-------
      Total |   37173 |   14280 |  27.8 |     307 |      90 |  22.7
            +---------+---------+-------+---------+---------+-------
        D:1 |      16 |       0 |   0.0 |      10 |       0 |   0.0
        D:2 |      63 |       0 |   0.0 |      19 |       0 |   0.0
        D:3 |     124 |       4 |   3.1 |      26 |       1 |   3.7
        D:4 |     264 |      32 |  10.8 |      16 |       8 |  33.3
        D:5 |     452 |       0 |   0.0 |      17 |       0 |   0.0
        D:6 |     750 |     253 |  25.2 |      20 |       2 |   9.1
        D:7 |     271 |       0 |   0.0 |       7 |       0 |   0.0
        D:8 |    2433 |     279 |  10.3 |      35 |       3 |   7.9
        D:9 |    1519 |       0 |   0.0 |      25 |       0 |   0.0
       D:10 |    2439 |    3117 |  56.1 |      13 |       6 |  31.6
       D:11 |    9658 |     954 |   9.0 |      56 |       5 |   8.2
     Lair:1 |    3294 |     938 |  22.2 |       8 |       5 |  38.5
     Lair:2 |   10191 |    2404 |  19.1 |      30 |      14 |  31.8
     Lair:3 |    3414 |    5676 |  62.4 |      19 |      15 |  44.1
     Lair:4 |    1008 |     314 |  23.8 |       5 |       2 |  28.6
        Lab |    1277 |       0 |   0.0 |       1 |       0 |   0.0
    Ossuary |       0 |     309 | 100.0 |       0 |      29 | 100.0
            +---------+---------+-------+---------+---------+-------
